 Dungeon Crawl Stone Soup version 0.29-a0-483-g69413ace17 (webtiles) character file.

Game seed: 13699746686603517785

209 porpoise the Shooter (level 5, -2/54 (63) HPs)
             Began as a Barachi Arcane Marksman on May 26, 2022.
             Was an Initiate of Hepliaklqana.
             Slain by Terence
             ... wielding the +7 Throatcutter {drain, coup de grace}
              (3 damage)
             ... on level 3 of the Dungeon.
             The game lasted 00:07:49 (1874 turns).

porpoise the Shooter (Barachi Arcane Marksman)      Turns: 1874, Time: 00:07:49

HP:   -2/54 (63)    AC:  6    Str: 13    XL:     5   Next: 87%
MP:   6/6           EV: 11    Int: 14    God:    Hepliaklqana [......]
Gold: 116           SH:  0    Dex: 18    Spells: 5/6 levels left

rFire   . . .      SeeInvis .   b - +2 short sword (venom)
rCold   . . .      Faith    .   (no shield)
rNeg    . . .      Spirit   .   f - +0 ring mail
rPois   .          Reflect  .   (no helmet)
rElec   .          Harm     .   (no cloak)
rCorr   .          Rampage  .   (no gloves)
Will    .....                   i - +0 pair of boots
Stlth   ..........              (no amulet)
HPRegen 0.18/turn               d - +6 ring of dexterity
MPRegen 0.10/turn               (no ring)

@: brilliant, berserking, heavily drained, very quick
A: amphibious, slowness 1, strong legs 1, +LOS
a: Hop, Renounce Religion


You were on level 3 of the Dungeon.
You worshipped Hepliaklqana.
Hepliaklqana was noncommittal.
You visited 1 branch of the dungeon, and saw 3 of its levels.

You collected 116 gold pieces.

Inventory:

Hand Weapons
 a - a +0 shortbow
 b - a +2 short sword of venom (weapon)
 u - a +0 quarterstaff
Missiles
 m - 2 boomerangs
 p - 6 poisoned darts
 q - 4 javelins
Armour
 f - a +0 ring mail (worn)
 i - a +0 pair of boots (worn)
Magical Staves
 n - a staff of poison
Jewellery
 d - a +6 ring of dexterity (left hand)
Scrolls
 c - a scroll of vulnerability
 e - a scroll of magic mapping {unknown}
 g - 6 scrolls of identify {unknown}
 h - a scroll of silence {unknown}
 o - a scroll of summoning {unknown}
Potions
 k - a potion of degeneration {unknown}
 l - a potion of brilliance
 r - 3 potions of curing
 s - a potion of cancellation {unknown}
 t - a potion of flight {unknown}


   Skills:
 + Level 3.8 Fighting
 * Level 4.9 Bows
 - Level 2.1 Dodging
 - Level 1.1 Spellcasting
 - Level 3.2 Hexes


You had 5 spell levels left.
You knew the following spells:

 Your Spells              Type           Power      Damage    Failure   Level
a - Slow                  Hex            56%        N/A       16%         1

Your spell library contained the following spells:

 Spells                   Type           Power      Damage    Failure   Level
 Tukima's Dance           Hex            14%        N/A       41%         3
 Inner Flame              Hex/Fire       8%         N/A       65%         3
 Portal Projectile        Hex/Tloc       16%        N/A       65%         3
 Cause Fear               Hex            7%         N/A       83%         4
 Conjure Flame            Conj/Fire      1%         6-21      86%         3
 Ignite Poison            Fire/Tmut/Pois 1%         N/A       86%         3
 Sticky Flame             Conj/Fire      1%         2d3       99%         4
 Blade Hands              Tmut           0%         N/A       100%        5
 Fireball                 Conj/Fire      0%         3d3       100%        5
 Iskenderun's Battlesphe  Conj           1%         2d6       100%        5
 Conjure Ball Lightning   Conj/Air       0%         3x3d6     100%        6
 Orb of Destruction       Conj           0%         9d5       100%        7


Dungeon Overview and Level Annotations

Branches:
Dungeon (3/15)

Altars:
Hepliaklqana
Makhleb
Nemelex Xobeh
Sif Muna
Xom
Yredelemnul

Annotations:
D:3 Terence


Innate Abilities, Weirdness & Mutations

You are amphibious.
You cover ground slowly.
You can hop short distances.
You have an extended range of vision and can be seen from far away.


Message History

Terence hits you with the +7 Throatcutter {drain, coup de grace}.
You feel drained.
You shoot an arrow. The arrow closely misses the adder.
The adder bites you but does no damage. The adder closely misses you.
Terence barely misses you.
You shoot an arrow. The arrow closely misses the adder.
The adder closely misses you.
Terence hits you with the +7 Throatcutter {drain, coup de grace}!
You feel drained. The adder closely misses you.
It was a potion of brilliance.
You feel clever all of a sudden. Terence closely misses you.
The adder bites you.
It was a potion of berserk rage.
A red film seems to cover your vision as you go berserk!
You feel yourself moving faster!
You feel mighty!
Terence hits you with the +7 Throatcutter {drain, coup de grace}!
You feel drained. The adder bites you but does no damage.
Your +2 short sword of venom begins to drip with poison!
b - a +2 short sword of venom (weapon)
You feel a strong urge to attack something.
The adder closely misses you.
Terence hits you with the +7 Throatcutter {drain, coup de grace}.
You feel drained.
You barely miss the adder.
The adder is severely wounded.
The adder completely misses you.
Terence hits you with the +7 Throatcutter {drain, coup de grace}!
* * * LOW HITPOINT WARNING * * *
You feel drained.
* * * LOW HITPOINT WARNING * * *
You closely miss the adder.
The adder is severely wounded.
The adder bites you but does no damage.
Unknown command.
You puncture Terence!
Terence is poisoned.
Terence is moderately wounded.
Terence hits you with the +7 Throatcutter {drain, coup de grace}!
* * * LOW HITPOINT WARNING * * *
You feel drained.
You die...

.###...###.######.##.....
.†................##.....
....._.....#########.....
...........# ######
###...###.# #G#...#G#.#
.###...###.# .......S^..#
.......@@..# ...........#
...........# ....########
###


You could see Terence (very poisoned), a golden eye and an adder.

Vanquished Creatures
  Sigmund (D:3)
  A gnoll (D:1)
  2 worms
  A dart slug (D:1)
  2 orcs (D:3)
  5 bats
  2 endoplasms
  A giant cockroach (D:1)
  A goblin (D:1)
  3 hobgoblins
  4 jackals (D:1)
  3 quokkas
  6 ball pythons
  A frilled lizard (D:1)
  3 kobolds
  4 rats
40 creatures vanquished.

Notes
Turn   | Place    | Note
-------+----------+-------------------------------------------
     0 | D:1      | porpoise the Barachi Arcane Marksman began the quest for
                  | the Orb.
     0 | D:1      | Reached XP level 1. HP: 15/15 MP: 2/2
   110 | D:1      | Reached XP level 2. HP: 22/22 MP: 3/3
   310 | D:1      | Reached skill level 3 in Bows
   310 | D:1      | Reached XP level 3. HP: 23/27 MP: 4/4
  1657 | D:3      | Found a basalt altar of Yredelemnul.
  1657 | D:3      | Found a shimmering blue altar of Sif Muna.
  1658 | D:3      | Found a burning altar of Makhleb.
  1658 | D:3      | Found a hazy altar of Hepliaklqana.
  1659 | D:3      | Found a shimmering altar of Xom.
  1659 | D:3      | Found a sparkling altar of Nemelex Xobeh.
  1659 | D:3      | Noticed Sigmund
  1680 | D:3      | Killed Sigmund
  1681 | D:3      | Reached skill level 4 in Bows
  1681 | D:3      | Reached XP level 4. HP: 27/37 MP: 5/5
  1681 | D:3      | Reached XP level 5. HP: 31/42 MP: 6/6
  1765 | D:3      | Became a worshipper of Hepliaklqana the Forgotten
  1846 | D:3      | Noticed an eye of devastation
  1847 | D:3      | Noticed a golden eye
  1850 | D:3      | Found a faded altar of an unknown god.
  1850 | D:3      | Noticed a golden eye
  1852 | D:3      | Noticed a golden eye
  1859 | D:3      | Noticed Terence
  1874 | D:3      | HP: 1/55 [Terence/the +7 Throatcutter {drain, coup de
                  | grace} (10)]
  1874 | D:3      | Slain by Terence

Illustrated notes

Levels and vault maps discovered:
D:1:      onia_arrival_mini_spirals, layout_rooms
D:2:      wad_pebble_path, layout_basic
D:3:      layout_basic, grunt_temple_overflow_open,
          hellmonk_ecumenical_altar_watching_god, minmay_misc_feat_cross,
          minmay_mini_jars, uniq_crazy_yiuf_cottage, uniq_sigmund, uniq_terence

Skill      XL: |  1  2  3 |
---------------+----------+-----
Fighting       | 2 3 |  3.8
Bows           | 3 4 |  4.9
Dodging        | |  2.1
Spellcasting   | |  1.1
Hexes          | |  3.2

Action                   |  1- 3 |  4- 6 || total
-------------------------+-------+-------++-------
Melee: Quarterstaff      |     5 |       ||     5
       Short sword       |       |     3 ||     3
 Fire: Shortbow          |   106 |    22 ||   128
 Cast: Slow              |     3 |       ||     3
 Abil: Hop               |     1 |       ||     1
  Use: Potion            |     1 |     2 ||     3
Armor: Ring mail         |    37 |     6 ||    43
Dodge: Dodged            |    40 |    13 ||    53

Table legend: (Time is in decaauts)
 A = Elapsed time spent in this place.
 B = Non-inter-level travel time spent in this place.
 C = Inter-level travel time spent in this place.
 D = Time resting spent in this place.
 E = Time spent auto-exploring this place.
 F = Levels seen in this place.
 G = Mean time per level.
                   A        B        C        D        E       F      G
               +--------+--------+--------+--------+--------+-----+--------+
         Total |   2171 |   2135 |     36 |    375 |   1338 |   3 |  723.7 |
       Dungeon |   2171 |   2135 |     36 |    375 |   1338 |   3 |  723.7 |
               +--------+--------+--------+--------+--------+-----+--------+

Top non-repeatable levels by time:
     D:2: 926 daAuts
     D:1: 894 daAuts
     D:3: 350 daAuts
